[Event "Skalica Rapid 2020"]
[Site "Skalica"]
[Date "2020.08.29"]
[Round "6.8"]
[White "Skreno Vladimir"]
[Black "Jablonicky, Martin"]
[Result "0-1"]
[ECO "E91"]
[WhiteElo "2089"]
[BlackElo "2290"]
[Annotator "ChessBase"]
[PlyCount "130"]
[EventDate "2020.08.29"]
[EventType "swiss"]
[EventCountry "SVK"]
[SourceTitle "playchess.com"]
[Source "ChessBase"]
[SourceQuality "1"]
[TimeControl "600+5"]

1. d4 Nf6 2. Nf3 g6 3. c4 Bg7 4. Nc3 O-O 5. e4 d6 6. Be2 Bg4 7. O-O Nfd7 8. Be3 Nc6 9. d5 Bxf3 10. Bxf3 Na5 11. Be2 Bxc3 12. bxc3 e5 13. Bh6 Re8 14. Qd2 Nb6 15. c5 dxc5 16. Rab1 Nac4 17. Qc1 Nd6 18. f3 Nd7 19. Bg5 f6 20. Be3 a6 21. a4 a5 22. Qa3 b6 23. Qc1 Nf8 24. g4 Qd7 25. Qc2 g5 26. h4 gxh4 27. Kf2 Ng6 28. Rh1 Kf7 29. Rbg1 Rh8 30. Bd3 Rag8 31. Bh6 Ke7 32. Ke1 Nf7 33. Bb5 Qd6 34. Be3 Ng5 35. Qf2 h5 36. Kd1 c4 37. Kc2 Qa3 38. Rb1 hxg4 39. fxg4 Nxe4 40. Qe1 Nd6 41. Bc6 Nf7 42. Bc1 Qd6 43. Ra1 Nf4 44. Ba3 Rxg4 45. Bxd6+ Nxd6 46. Rd1 h3 47. Rd2 Rhg8 48. Rf1 Kd8 49. Qe3 Nf5 50. Qe4 Ng2 51. Kb2 Rxe4 52. Rxf5 Rh4 53. d6 Nf4 54. Rxf6 Nd3+ 55. Kc2 cxd6 56. Bd5 Rg1 57. Rxd6+ Ke7 58. Re6+ Kd7 59. Bxc4 Rxc4 60. Rh6 e4 61. Rxh3 Rc1+ 62. Kb3 R1xc3+ 63. Ka2 Rxa4+ 64. Kb1 Rb4+ 65. Ka2 Kc6 0-1

[Event "Skalica Rapid 2020"]
[Site "Skalica"]
[Date "2020.08.29"]
[Round "6.8"]
[White "Janas, Peter"]
[Black "Sperat Czar, Nicolas"]
[Result "0-1"]
[ECO "A00"]
[WhiteElo "1562"]
[BlackElo "1737"]
[Annotator "NA"]
[PlyCount "118"]
[EventDate "2020.08.29"]
[EventType "swiss"]
[EventCountry "SVK"]
[SourceTitle "playchess.com"]
[Source "ChessBase"]
[SourceQuality "1"]
[TimeControl "600+5"]

1. Nc3 d5 2. e4 d4 3. Nce2 e5 4. Nf3 Nc6 5. Ng3 Nf6 6. Bb5 Bd6 7. d3 O-O 8. O-O Ne7 9. c3 c5 10. cxd4 cxd4 11. Ba4 Ng6 12. a3 a6 13. b4 b5 14. Bb3 Be6 15. Ng5 Bxb3 16. Qxb3 h6 17. Nf3 Ne7 18. Bd2 Qd7 19. Rac1 Rac8 20. h3 Rxc1 21. Rxc1 Rc8 22. Rxc8+ Qxc8 23. Nh2 Kh7 24. Ng4 Nxg4 25. hxg4 Qxg4 26. Qxf7 Qd1+ 27. Nf1 Qg4 28. f3 Qg6 29. Qxg6+ Kxg6 30. g4 h5 31. gxh5+ Kxh5 32. Kf2 g5 33. Kg3 Bc7 34. Nh2 Nc6 35. Ng4 Kg6 36. Nf2 a5 37. Nh3 axb4 38. axb4 Bd8 39. Kg4 Be7 40. Nxg5 Bxg5 41. Bxg5 Nxb4 42. f4 exf4 43. e5 Nxd3 44. e6 b4 45. Be7 Kg7 46. Kf3 b3 47. Ba3 b2 48. Bxb2 Nxb2 49. Kxf4 Kf6 50. e7 Kxe7 51. Ke4 d3 52. Ke3 Kd6 53. Kd2 Kd5 54. Kc3 Ke4 55. Kd2 Nc4+ 56. Kd1 Ke3 57. Ke1 d2+ 58. Kd1 Nb2+ 59. Kc2 Ke2 0-1

[Event "Skalica Rapid 2020"]
[Site "Skalica"]
[Date "2020.08.29"]
[Round "6.9"]
[White "Jancovic, Peter"]
[Black "Kubat, Pavel"]
[Result "0-1"]
[ECO "D78"]
[WhiteElo "2271"]
[BlackElo "2066"]
[Annotator "ChessBase"]
[PlyCount "56"]
[EventDate "2020.08.29"]
[EventType "swiss"]
[EventCountry "SVK"]
[SourceTitle "playchess.com"]
[Source "ChessBase"]
[SourceQuality "1"]
[TimeControl "600+5"]

1. d4 Nf6 2. Nf3 g6 3. g3 Bg7 4. Bg2 O-O 5. O-O d5 6. c4 c6 7. Nbd2 Bg4 8. Ne5 Be6 9. e3 Nbd7 10. Nxd7 Qxd7 11. c5 Bh3 12. Re1 Bxg2 13. Kxg2 h5 14. f4 h4 15. Qf3 b6 16. b4 a5 17. Ba3 axb4 18. Bxb4 bxc5 19. Bxc5 h3+ 20. Kg1 Rfb8 21. a3 Rb2 22. Rad1 Rab8 23. Bb4 Qf5 24. Bxe7 Ne4 25. Re2 Nc3 26. Rde1 Nxe2+ 27. Rxe2 Qd3 28. Qf2 Rxd2 0-1

[Event "Skalica Rapid 2020"]
[Site "Skalica"]
[Date "2020.08.29"]
[Round "6.9"]
[White "Dubanova, Kristina"]
[Black "Szucs, Vladimir"]
[Result "1-0"]
[ECO "D20"]
[WhiteElo "1128"]
[BlackElo "2088"]
[Annotator "ChessBase"]
[PlyCount "46"]
[EventDate "2020.08.29"]
[EventType "swiss"]
[EventCountry "SVK"]
[SourceTitle "playchess.com"]
[Source "ChessBase"]
[SourceQuality "1"]
[TimeControl "600+5"]

1. d4 d5 2. c4 dxc4 3. e4 Nf6 4. Nc3 Nc6 5. d5 Ne5 6. f4 Bg4 7. Nf3 Nxf3+ 8. gxf3 Bh5 9. Bxc4 c6 10. Be3 e6 11. dxc6 Qd6 12. Qd3 Qxd3 13. Rb1 Qd1+ 14. Rxd1 Bxf3 15. cxb7 Rb8 16. Bb5+ Nd7 17. Bxd7+ Kd8 18. O-O Bxd1 19. Rxd1 Kc7 20. Bc8 Bd6 21. Nb5+ Kc6 22. Nxd6 Rd8 23. Bxa7 Rxb7 1-0

[Event "Skalica Rapid 2020"]
[Site "Skalica"]
[Date "2020.08.29"]
[Round "6.10"]
[White "Havelka, Ondrej"]
[Black "Matejovic Juraj"]
[Result "0-1"]
[ECO "E90"]
[WhiteElo "1997"]
[BlackElo "2219"]
[Annotator "ChessBase"]
[PlyCount "68"]
[EventDate "2020.08.29"]
[EventType "swiss"]
[EventCountry "SVK"]
[SourceTitle "playchess.com"]
[Source "ChessBase"]
[SourceQuality "1"]
[TimeControl "600+5"]

1. d4 Nf6 2. c4 g6 3. Nc3 Bg7 4. e4 d6 5. h3 O-O 6. Be3 c5 7. Nf3 Qa5 8. Bd3 cxd4 9. Nxd4 Nc6 10. O-O Bd7 11. Rc1 Rac8 12. b3 a6 13. a4 Nxd4 14. Bxd4 Be6 15. f4 Ne8 16. Bxg7 Nxg7 17. f5 Qc5+ 18. Kh1 gxf5 19. exf5 Bxf5 20. Nd5 Bxd3 21. Qxd3 Rce8 22. Rce1 Ne6 23. Rf5 Qd4 24. Qf3 Qg7 25. Qf2 Kh8 26. Re4 Qg6 27. Rg4 Qh6 28. Rh4 Qg6 29. Rfh5 Ng5 30. Qe3 f6 31. Nxe7 Qf7 32. Qd3 Rxe7 33. Kh2 Kg8 34. Rh6 Qg7 0-1

[Event "Skalica Rapid 2020"]
[Site "Skalica"]
[Date "2020.08.29"]
[Round "6.11"]
[White "Abel, Peter"]
[Black "Sarmir Milos"]
[Result "1-0"]
[ECO "A53"]
[WhiteElo "2200"]
[BlackElo "2059"]
[Annotator "ChessBase"]
[PlyCount "69"]
[EventDate "2020.08.29"]
[EventType "swiss"]
[EventCountry "SVK"]
[SourceTitle "playchess.com"]
[Source "ChessBase"]
[SourceQuality "1"]
[TimeControl "600+5"]

1. c4 Nf6 2. Nc3 e5 3. Nf3 d6 4. g3 Be7 5. Bg2 O-O 6. O-O c6 7. d4 Qc7 8. e4 Be6 9. b3 Nbd7 10. Ng5 Bg4 11. f3 Bh5 12. Be3 h6 13. Nh3 Qa5 14. Qd2 Rad8 15. Nd5 Nxd5 16. Qxa5 Nxe3 17. Rf2 b6 18. Qxa7 exd4 19. Nf4 Bg6 20. Nxg6 fxg6 21. Bh3 Bf6 22. Bxd7 d3 23. Be6+ Kh8 24. Re1 Bd4 25. Kh1 Nc2 26. Rxc2 dxc2 27. Rc1 Rxf3 28. Rxc2 Rdf8 29. Kg2 Rf1 30. Qe7 Bc5 31. Qd7 g5 32. Bf5 Rg1+ 33. Kh3 h5 34. Qe7 Be3 35. Qxf8# 1-0

[Event "Skalica Rapid 2020"]
[Site "Skalica"]
[Date "2020.08.29"]
[Round "6.12"]
[White "Valenta Vit"]
[Black "Takacs Laszlo"]
[Result "1-0"]
[ECO "B23"]
[WhiteElo "1994"]
[BlackElo "2128"]
[Annotator "ChessBase"]
[PlyCount "101"]
[EventDate "2020.08.29"]
[EventType "swiss"]
[EventCountry "SVK"]
[SourceTitle "playchess.com"]
[Source "ChessBase"]
[SourceQuality "1"]
[TimeControl "600+5"]

1. e4 c5 2. Nc3 a6 3. a4 e6 4. Nge2 d5 5. exd5 exd5 6. d4 Nf6 7. Bg5 cxd4 8. Nxd4 Be7 9. Be2 O-O 10. O-O Nc6 11. Bf3 Qb6 12. Nb3 d4 13. Bxf6 Bxf6 14. Nd5 Qd8 15. Nxf6+ Qxf6 16. Bxc6 Qxc6 17. Nxd4 Qb6 18. b3 Rd8 19. c3 Bf5 20. Qf3 Bg6 21. a5 Qc7 22. Qg3 Qc5 23. b4 Qc4 24. Rac1 Rac8 25. Qe3 Re8 26. Qd2 h6 27. Rfe1 Rxe1+ 28. Qxe1 Qd3 29. h3 Kf8 30. Qe3 Qxe3 31. fxe3 Ke7 32. Nb3 Rc7 33. Nc5 Kd6 34. Rd1+ Kc6 35. Rd4 Kb5 36. Kf2 b6 37. axb6 Kxb6 38. Rd6+ Kb5 39. Rd4 a5 40. Ke2 Ra7 41. Nb3 a4 42. Na1 a3 43. Kd2 a2 44. Kc1 Re7 45. Rd5+ Kc4 46. Rc5+ Kd3 47. Kb2 Rxe3 48. Kxa2 f5 49. Ka3 Re2 50. b5 Bf7 51. Nb3 1-0

[Event "Skalica Rapid 2020"]
[Site "Skalica"]
[Date "2020.08.29"]
[Round "6.12"]
[White "Blaha, Tomas S"]
[Black "Gurevich, Michele"]
[Result "0-1"]
[ECO "C47"]
[WhiteElo "1089"]
[BlackElo "1107"]
[Annotator "NA"]
[PlyCount "125"]
[EventDate "2020.08.29"]
[EventType "swiss"]
[EventCountry "SVK"]
[SourceTitle "playchess.com"]
[Source "ChessBase"]
[SourceQuality "1"]
[TimeControl "600+5"]

1. e4 e5 2. Nf3 Nf6 3. Nc3 Nc6 4. d4 Bb4 5. dxe5 Nxe5 6. Nxe5 Qe7 7. f4 d6 8. Nd3 Nxe4 9. Qe2 Nxc3 10. Qxe7+ Kxe7 11. Bd2 Nd5 12. Nxb4 Nxb4 13. Bxb4 Re8 14. O-O-O Kf8 15. Bd3 Bg4 16. Rde1 Rxe1+ 17. Rxe1 g6 18. h3 Be6 19. a3 c5 20. Bc3 Re8 21. g4 c4 22. f5 cxd3 23. fxe6 dxc2 24. exf7 Rxe1+ 25. Bxe1 Kxf7 26. Kxc2 Ke6 27. Kd3 d5 28. Bg3 Kd7 29. Bf2 Kc6 30. Bxa7 b6 31. Bb8 Kc5 32. b4+ Kb5 33. Bc7 Kc6 34. Bf4 b5 35. h4 Kd7 36. h5 gxh5 37. gxh5 Ke6 38. h6 Kf5 39. Be3 Kg6 40. Kd4 Kf5 41. Kxd5 Kg4 42. Kc5 Kf3 43. Bc1 Ke4 44. Kxb5 Kd5 45. a4 Kd6 46. Kb6 Kd7 47. Kb7 Kd8 48. a5 Kd7 49. a6 Kd8 50. b5 Kd7 51. b6 Kd8 52. a7 Kd7 53. a8=Q Kd6 54. Ka6 Kc5 55. b7 Kc4 56. b8=Q Kc3 57. Qc7+ Kd3 58. Qxh7+ Ke2 59. Qd8 Kf3 60. Qe8 Kg4 61. Qhg8+ Kh4 62. h7 Kh3 63. h8=R# 0-1

[Event "Skalica Rapid 2020"]
[Site "Skalica"]
[Date "2020.08.29"]
[Round "6.14"]
[White "Bombek, Peter"]
[Black "Sobek Michal"]
[Result "0-1"]
[ECO "A45"]
[WhiteElo "2090"]
[BlackElo "1913"]
[Annotator "ChessBase"]
[PlyCount "84"]
[EventDate "2020.08.29"]
[EventType "swiss"]
[EventCountry "SVK"]
[SourceTitle "playchess.com"]
[Source "ChessBase"]
[SourceQuality "1"]
[TimeControl "600+5"]

1. d4 Nf6 2. Bg5 e6 3. Nd2 c5 4. e3 cxd4 5. exd4 Be7 6. c3 d6 7. Bd3 b6 8. Qf3 Nd5 9. Bxe7 Qxe7 10. c4 Nb4 11. Qxa8 Nxd3+ 12. Ke2 O-O 13. Qe4 Nb4 14. Ngf3 Bb7 15. Qh4 Qxh4 16. Nxh4 Nc2 17. Rad1 Nxd4+ 18. Kd3 Nbc6 19. Nhf3 e5 20. a3 f5 21. Nxd4 Nxd4 22. f3 Ne6 23. Kc3 Nf4 24. g3 Ne2+ 25. Kd3 Nd4 26. Rhf1 Ba6 27. b4 b5 28. f4 bxc4+ 29. Kc3 Ne2+ 30. Kc2 Nd4+ 31. Kb2 c3+ 32. Kxc3 Rc8+ 33. Kb2 Rc2+ 34. Kb1 Rxd2 35. Rxd2 Bxf1 36. a4 Kf7 37. Kb2 Ke6 38. b5 Kd5 39. Kc3 Kc5 40. fxe5 dxe5 41. Rf2 Bc4 42. h3 Ne2+ 0-1

[Event "Skalica Rapid 2020"]
[Site "Skalica"]
[Date "2020.08.29"]
[Round "6.15"]
[White "Majoros, Rozsa Evelin"]
[Black "Jablonicky, Frantisek"]
[Result "0-1"]
[ECO "B16"]
[WhiteElo "1936"]
[BlackElo "2038"]
[Annotator "NA"]
[PlyCount "29"]
[EventDate "2020.08.29"]
[EventType "swiss"]
[EventCountry "SVK"]
[SourceTitle "playchess.com"]
[Source "ChessBase"]
[SourceQuality "1"]
[TimeControl "600+5"]

1. e4 c6 2. d4 d5 3. Nd2 dxe4 4. Nxe4 Nf6 5. Nxf6+ gxf6 6. c3 Bf5 7. Nf3 e6 8. Be3 Bd6 9. Nh4 Bg6 10. Nxg6 hxg6 11. Bd3 Qc7 12. h3 Nd7 13. Qd2 f5 14. O-O-O Rh4 15. Rhf1 0-1

[Event "Skalica Rapid 2020"]
[Site "Skalica"]
[Date "2020.08.29"]
[Round "6.16"]
[White "Blaho, Stefan"]
[Black "Chlpek, Daniel"]
[Result "1/2-1/2"]
[ECO "D00"]
[WhiteElo "2090"]
[BlackElo "1879"]
[Annotator "NA"]
[PlyCount "56"]
[EventDate "2020.08.29"]
[EventType "swiss"]
[EventCountry "SVK"]
[SourceTitle "playchess.com"]
[Source "ChessBase"]
[SourceQuality "1"]
[TimeControl "600+5"]

1. d4 d5 2. Bf4 Nf6 3. e3 c5 4. c3 Nc6 5. Bd3 Qb6 6. Qc1 Bg4 7. Nd2 e6 8. h3 Bh5 9. Ngf3 Rc8 10. Qb1 cxd4 11. exd4 Be7 12. O-O O-O 13. Re1 Bg6 14. Bxg6 hxg6 15. Re3 Rfd8 16. Ne5 Nxe5 17. Bxe5 Bd6 18. Nf3 Ne4 19. Re2 Qb5 20. Qe1 a5 21. Bxd6 Rxd6 22. Ne5 Rb6 23. c4 Qb4 24. c5 Qxe1+ 25. Raxe1 Rb4 26. f3 Ng3 27. Rd2 Nf5 28. Red1 Ne3 1/2-1/2

[Event "Skalica Rapid 2020"]
[Site "Skalica"]
[Date "2020.08.29"]
[Round "6.17"]
[White "Gzib, David"]
[Black "Vadila Ondrej"]
[Result "1/2-1/2"]
[ECO "B38"]
[WhiteElo "1770"]
[BlackElo "2057"]
[Annotator "NA"]
[PlyCount "31"]
[EventDate "2020.08.29"]
[EventType "swiss"]
[EventCountry "SVK"]
[SourceTitle "playchess.com"]
[Source "ChessBase"]
[SourceQuality "1"]
[TimeControl "600+5"]

1. e4 c5 2. Nf3 g6 3. d4 cxd4 4. Nxd4 Bg7 5. Be3 Nc6 6. c4 Nf6 7. Nc3 O-O 8. f3 d6 9. Qd2 Nxd4 10. Bxd4 Bd7 11. Nd5 Nxd5 12. cxd5 Bxd4 13. Qxd4 Qa5+ 14. Qd2 Qb6 15. Qf2 Qb4+ 16. Qd2 1/2-1/2

[Event "Skalica Rapid 2020"]
[Site "Skalica"]
[Date "2020.08.29"]
[Round "6.18"]
[White "Nemsak Denis"]
[Black "Bidulsky, Matej"]
[Result "0-1"]
[ECO "A40"]
[WhiteElo "1869"]
[BlackElo "1548"]
[Annotator "NA"]
[PlyCount "100"]
[EventDate "2020.08.29"]
[EventType "swiss"]
[EventCountry "SVK"]
[SourceTitle "playchess.com"]
[Source "ChessBase"]
[SourceQuality "1"]
[TimeControl "600+5"]

1. c4 g6 2. Nc3 Bg7 3. e4 e6 4. d4 Ne7 5. f4 d5 6. cxd5 exd5 7. e5 Bf5 8. Nf3 Nd7 9. Bd3 Be6 10. O-O c6 11. Qe1 Nf5 12. Qf2 h6 13. Bd2 Qb6 14. b3 O-O-O 15. Na4 Qc7 16. Rfc1 Kb8 17. b4 Nb6 18. Nc5 Qe7 19. b5 f6 20. bxc6 bxc6 21. Rab1 Ka8 22. Ba6 Rb8 23. Bb4 Qe8 24. a4 Bc8 25. a5 Nd7 26. Nxd7 Qxd7 27. Bxc8 Rhxc8 28. Bc5 Rb5 29. Rxb5 cxb5 30. a6 Rc6 31. Qa2 fxe5 32. fxe5 Bf8 33. e6 Qd8 34. Ne5 Rc8 35. Nd7 Ne7 36. Bxe7 Rxc1+ 37. Kf2 Qc7 38. Qxd5+ Qc6 39. Qxc6+ Rxc6 40. Bxf8 Rxe6 41. Nc5 Rf6+ 42. Ke3 Rxf8 43. d5 Rf5 44. Ke4 Kb8 45. g4 Rf1 46. d6 Rc1 47. Kd5 Kc8 48. Kc6 b4 49. Kb5 Rxc5+ 50. Kxc5 b3 0-1

[Event "Skalica Rapid 2020"]
[Site "Skalica"]
[Date "2020.08.29"]
[Round "7.1"]
[White "Vadila, Ondrej"]
[Black "Sevcikova, Lucia"]
[Result "1-0"]
[ECO "D00"]
[WhiteElo "2057"]
[BlackElo "1801"]
[Annotator "NA"]
[PlyCount "77"]
[EventDate "2020.08.29"]
[EventType "swiss"]
[EventCountry "SVK"]
[SourceTitle "playchess.com"]
[Source "ChessBase"]
[SourceQuality "1"]
[TimeControl "600+5"]

1. d4 d5 2. Bf4 Nf6 3. e3 c5 4. c3 e6 5. Nd2 Bd6 6. Bg3 Qc7 7. Ngf3 Nbd7 8. Bd3 $11 e5 9. dxe5 Nxe5 10. Nxe5 Bxe5 11. e4 dxe4 12. Nxe4 Nxe4 13. Bxe4 Bd7 14. Qf3 Bxg3 15. hxg3 O-O-O 16. O-O-O Rdf8 17. Bxb7+ Qxb7 18. Qxb7+ Kxb7 19. Rxd7+ Kb6 20. Re1 Rd8 21. Rxf7 Rhf8 22. Ree7 Rxf7 23. Rxf7 Rg8 24. g4 a6 25. b3 Kc6 26. Kc2 Re8 27. Kd3 Rd8+ 28. Kc4 Rd2 29. a4 Re2 30. f3 Rxg2 31. Rxg7 h5 32. Rg6+ Kb7 33. gxh5 Rf2 34. Rf6 Rh2 35. h6 Rh5 36. f4 Rh4 37. Rf7+ Kb6 38. h7 Rh6 39. Rf6+ 1-0

[Event "Skalica Rapid 2020"]
[Site "Skalica"]
[Date "2020.08.29"]
[Round "7.2"]
[White "Yankelevich, Lev"]
[Black "Pacher Milan"]
[Result "0-1"]
[ECO "D38"]
[WhiteElo "2388"]
[BlackElo "2452"]
[Annotator "ChessBase"]
[PlyCount "43"]
[EventDate "2020.08.29"]
[EventType "swiss"]
[EventCountry "SVK"]
[SourceTitle "playchess.com"]
[Source "ChessBase"]
[SourceQuality "1"]
[TimeControl "600+5"]

1. Nf3 d5 2. d4 Nf6 3. c4 e6 4. Nc3 Bb4 5. Qa4+ Nc6 6. e3 O-O 7. Bd2 Re8 8. cxd5 exd5 9. Bd3 a6 10. O-O Bd6 11. h3 Nb4 12. Bb1 Ne4 13. a3 Nxd2 14. Nxd2 Bxh3 15. gxh3 Qg5+ 16. Kh1 Qh5 17. Kg2 Qg5+ 18. Kf3 Nc6 19. Qd1 Nxd4+ 20. exd4 Qf4+ 21. Kg2 Qh2+ 22. Kf3 0-1

[Event "Skalica Rapid 2020"]
[Site "Skalica"]
[Date "2020.08.29"]
[Round "7.2"]
[White "Havelka, Ondrej"]
[Black "Ihnat, Marek"]
[Result "1-0"]
[ECO "D85"]
[WhiteElo "2157"]
[BlackElo "1738"]
[Annotator "ChessBase"]
[PlyCount "51"]
[EventDate "2020.08.29"]
[EventType "swiss"]
[EventCountry "SVK"]
[SourceTitle "playchess.com"]
[Source "ChessBase"]
[SourceQuality "1"]
[TimeControl "600+5"]

1. d4 Nf6 2. c4 g6 3. Nc3 d5 4. cxd5 Nxd5 5. e4 Nxc3 6. bxc3 Bg7 7. Qa4+ Bd7 8. Qa3 O-O 9. Nf3 c5 10. Qxc5 Nc6 11. Be2 Rc8 12. Qa3 a6 13. O-O Na5 14. Bg5 Re8 15. Rab1 b5 16. Nd2 h6 17. Bh4 g5 18. Bg3 Qb6 19. h4 Be6 20. hxg5 hxg5 21. Rfc1 Bc4 22. Bg4 Rcd8 23. Qb4 Bd3 24. Rb2 Nc4 25. Nxc4 Bxc4 26. Qxc4 1-0

[Event "Skalica Rapid 2020"]
[Site "Skalica"]
[Date "2020.08.29"]
[Round "7.3"]
[White "Szucs, Vladimir"]
[Black "Tupy, Emil"]
[Result "1-0"]
[ECO "D96"]
[WhiteElo "2088"]
[BlackElo "1538"]
[Annotator "ChessBase"]
[PlyCount "91"]
[EventDate "2020.08.29"]
[EventType "swiss"]
[EventCountry "SVK"]
[SourceTitle "playchess.com"]
[Source "ChessBase"]
[SourceQuality "1"]
[TimeControl "600+5"]

1. d4 d5 2. c4 c6 3. Nf3 Nf6 4. Nc3 g6 5. cxd5 Nxd5 6. e4 Nxc3 7. bxc3 Bg7 8. Bc4 O-O 9. O-O Nd7 10. e5 Nb6 11. Bb3 Be6 12. Bxe6 fxe6 13. Ng5 Qd5 14. Qg4 Rf5 15. Qh4 h6 16. Nf3 Re8 17. Qg4 Ref8 18. Nh4 g5 19. Nxf5 exf5 20. Qe2 f4 21. f3 Nc4 22. Rb1 b6 23. a4 e6 24. Qa2 a5 25. Re1 h5 26. Qe2 h4 27. h3 Rf5 28. Qe4 Qd7 29. Rd1 Nxe5 30. Rxb6 Qd6 31. Re1 Nc4 32. Rxc6 Qd5 33. Qxe6+ Qxe6 34. Rexe6 Ne3 35. Bxe3 fxe3 36. Rxe3 Rd5 37. Re7 Bf8 38. Rb7 Rd6 39. Rc8 Re6 40. Rbb8 Rf6 41. d5 Kg7 42. Rxf8 Rxf8 43. Rxf8 Kxf8 44. Kf2 Ke7 45. Ke3 Kd6 46. Ke4 1-0

[Event "Skalica Rapid 2020"]
[Site "Skalica"]
[Date "2020.08.29"]
[Round "7.4"]
[White "Kubat, Pavel"]
[Black "Pechac, Jergus"]
[Result "0-1"]
[ECO "A48"]
[WhiteElo "2066"]
[BlackElo "2430"]
[Annotator "ChessBase"]
[PlyCount "72"]
[EventDate "2020.08.29"]
[EventType "swiss"]
[EventCountry "SVK"]
[SourceTitle "playchess.com"]
[Source "ChessBase"]
[SourceQuality "1"]
[TimeControl "600+5"]

1. d4 Nf6 2. Bf4 g6 3. h3 Bg7 4. e3 O-O 5. Nf3 c5 6. Nbd2 cxd4 7. exd4 Nc6 8. c3 d6 9. Be2 Re8 10. O-O e5 11. Bh2 e4 12. Ne1 d5 13. Nc2 h5 14. Re1 Nh7 15. c4 Nxd4 16. cxd5 Qxd5 17. Nxd4 Bxd4 18. Nb3 Rd8 19. Nxd4 Qxd4 20. Qxd4 Rxd4 21. Rac1 Be6 22. Rc7 Bxa2 23. Rxb7 Be6 24. Be5 Rdd8 25. Kh2 Nf8 26. Bb5 Rd2 27. Bc6 Rxf2 28. Bxe4 a5 29. Rxf7 Bxf7 30. Bxa8 a4 31. Bc6 Bb3 32. Re4 Ne6 33. Bxa4 Bd5 34. Bg3 Rxb2 35. Rxe6 Rxg2+ 36. Kh1 Rxg3+ 0-1

[Event "Skalica Rapid 2020"]
[Site "Skalica"]
[Date "2020.08.29"]
[Round "7.4"]
[White "Sperat Czar, Nicolas"]
[Black "Meszaros, Casey Ryan"]
[Result "1-0"]
[ECO "C71"]
[WhiteElo "1737"]
[BlackElo "1478"]
[Annotator "NA RC"]
[PlyCount "113"]
[EventDate "2020.08.29"]
[EventType "swiss"]
[EventCountry "SVK"]
[SourceTitle "playchess.com"]
[Source "ChessBase"]
[SourceQuality "1"]
[TimeControl "600+5"]

1. e4 e5 2. Nf3 Nc6 3. Bb5 a6 4. Ba4 d6 5. d4 exd4 6. Nxd4 Bd7 7. Nxc6 Bxc6 8. Bxc6+ bxc6 9. O-O Be7 10. Nd2 Nf6 11. Re1 O-O 12. Nf3 Re8 13. h3 h6 14. Bf4 Bf8 15. Qd3 Qd7 16. c4 Re7 17. Rad1 Qe8 18. e5 dxe5 19. Bxe5 Ra7 20. Qd4 Rb7 21. Bxf6 gxf6 22. Qxf6 Rxe1+ 23. Rxe1 Qd7 24. Ne5 Qe6 25. Qxe6 fxe6 26. Nd3 Kf7 27. Ne5+ Kf6 28. Nd7+ Ke7 29. Nxf8 Kxf8 30. b3 Ke7 31. f4 Kf6 32. Re5 Rb8 33. Kf2 Rd8 34. Ke2 Rg8 35. g4 Rd8 36. Ra5 Ra8 37. Rc5 Rg8 38. Rxc6 h5 39. Kf3 hxg4+ 40. hxg4 Rh8 41. f5 Rh3+ 42. Kf4 Rh2 43. Rxe6+ Kf7 44. Rxa6 Rf2+ 45. Kg5 Re2 46. Rf6+ Kg7 47. Re6 Rxa2 48. Re7+ Kg8 49. Kg6 Kf8 50. Rxc7 Rg2 51. g5 Re2 52. Rc8+ Ke7 53. f6+ Kd6 54. f7 Re6+ 55. Kg7 Re7 56. Kg8 Rxf7 57. Kxf7 1-0

[Event "Skalica Rapid 2020"]
[Site "Skalica"]
[Date "2020.08.29"]
[Round "7.5"]
[White "Jablonicky, Martin"]
[Black "Cajka Tibor"]
[Result "1-0"]
[ECO "A30"]
[WhiteElo "2290"]
[BlackElo "2116"]
[Annotator "ChessBase"]
[PlyCount "94"]
[EventDate "2020.08.29"]
[EventType "swiss"]
[EventCountry "SVK"]
[SourceTitle "playchess.com"]
[Source "ChessBase"]
[SourceQuality "1"]
[TimeControl "600+5"]

1. b3 b6 2. Bb2 Bb7 3. Nf3 Nf6 4. e3 e6 5. Be2 Be7 6. O-O O-O 7. d4 d5 8. c4 c5 9. Nc3 cxd4 10. Nxd4 a6 11. cxd5 Nxd5 12. Nxd5 Bxd5 13. Bf3 Bf6 14. Rc1 Qd7 15. Bxd5 Qxd5 16. Qf3 Qxf3 17. gxf3 Nd7 18. Rc7 Ne5 19. Kg2 Nd3 20. Ba3 Rfc8 21. Rxc8+ Rxc8 22. Rd1 Bxd4 23. Rxd3 Bf6 24. Rd2 h6 25. f4 b5 26. Kf3 a5 27. Bd6 Bc3 28. Rc2 b4 29. Be5 Kh7 30. Bxc3 bxc3 31. Ke2 Kg6 32. Kd3 Kh5 33. Rxc3 Rd8+ 34. Ke2 Kg4 35. Rc5 a4 36. bxa4 Rd7 37. a5 Ra7 38. a4 g6 39. Kd3 Kh3 40. Kc4 Kxh2 41. Kb5 Kg2 42. Kb6 Ra8 43. Kb7 Rh8 44. a6 h5 45. a7 h4 46. Rc8 Rxc8 47. Kxc8 h3 1-0

[Event "Skalica Rapid 2020"]
[Site "Skalica"]
[Date "2020.08.29"]
[Round "7.5"]
[White "Kaplan, Milan"]
[Black "Tupy, Bystrik"]
[Result "1-0"]
[ECO "C45"]
[WhiteElo "1762"]
[BlackElo "1702"]
[Annotator "NA RC"]
[PlyCount "73"]
[EventDate "2020.08.29"]
[EventType "swiss"]
[EventCountry "SVK"]
[SourceTitle "playchess.com"]
[Source "ChessBase"]
[SourceQuality "1"]
[TimeControl "600+5"]

1. e4 e5 2. Nf3 Nc6 3. d4 exd4 4. Nxd4 Bc5 5. Nxc6 bxc6 6. Qf3 Qf6 7. Qg3 d6 8. Nc3 Bd4 9. Bd2 Be5 10. f4 Bd4 11. Bc4 Be6 12. Bxe6 fxe6 13. O-O-O Ne7 14. Rde1 e5 15. f5 Qf7 16. b3 a5 17. Na4 Kd7 18. c3 Bb6 19. Qd3 c5 20. Be3 Rhb8 21. Bxc5 Bxc5 22. Nxc5+ Ke8 23. Ne6 Nc6 24. Qc4 Rb6 25. Nxc7+ Qxc7 26. Qg8+ Kd7 27. Qxa8 Nb4 28. Re3 Nc6 29. Kb2 Rb8 30. Qa6 Rb7 31. Rd1 Ra7 32. Qc4 a4 33. b4 a3+ 34. Ka1 Qb7 35. Red3 Qc7 36. Qe6+ Kd8 37. Rxd6+ 1-0

[Event "Skalica Rapid 2020"]
[Site "Skalica"]
[Date "2020.08.29"]
[Round "7.6"]
[White "Jurakic Lukas"]
[Black "Samoun Florent"]
[Result "0-1"]
[ECO "B04"]
[WhiteElo "1918"]
[BlackElo "2228"]
[Annotator "ChessBase"]
[PlyCount "56"]
[EventDate "2020.08.29"]
[EventType "swiss"]
[EventCountry "SVK"]
[SourceTitle "playchess.com"]
[Source "ChessBase"]
[SourceQuality "1"]
[TimeControl "600+5"]

1. e4 Nf6 2. e5 Nd5 3. d4 d6 4. Nf3 Nb6 5. c4 g6 6. exd6 cxd6 7. Nc3 Bg7 8. h3 O-O 9. Be2 Nc6 10. O-O Bf5 11. Be3 d5 12. b3 dxc4 13. bxc4 Rc8 14. c5 Nd5 15. Nxd5 Qxd5 16. Qa4 Be4 17. Rfd1 Qd7 18. Ng5 Bd5 19. Bf3 h6 20. Ne4 f5 21. Nc3 Bxf3 22. gxf3 f4 23. d5 fxe3 24. dxc6 Qxh3 25. Qc4+ Kh7 26. Rd3 Qxf3 27. fxe3 Qg3+ 28. Kh1 Rf2 0-1

[Event "Skalica Rapid 2020"]
[Site "Skalica"]
[Date "2020.08.29"]
[Round "7.6"]
[White "Pekar, Matus"]
[Black "Nemsak, Denis"]
[Result "0-1"]
[ECO "B01"]
[WhiteElo "1575"]
[BlackElo "1869"]
[Annotator "NA"]
[PlyCount "40"]
[EventDate "2020.08.29"]
[EventType "swiss"]
[EventCountry "SVK"]
[SourceTitle "playchess.com"]
[Source "ChessBase"]
[SourceQuality "1"]
[TimeControl "600+5"]

1. e4 d5 2. exd5 Nf6 3. d4 Nxd5 4. c4 Nb6 5. Nf3 g6 6. Nc3 Bg7 7. Be2 $14 (7. c5 $5 Nd5 8. Bc4 $14) 7... O-O 8. O-O Nc6 9. Bg5 Nxd4 10. Nxd4 Qxd4 11. Qxd4 Bxd4 12. Bxe7 Re8 13. Rad1 Bxc3 14. bxc3 Rxe7 15. Rd8+ Kg7 16. Bf3 Be6 17. Rxa8 Nxa8 18. Bxb7 Nb6 19. c5 Na4 20. c6 Nxc3 0-1